AoeStats
← HANAMICHI

Fortress

510464357Analyzed
1v1 RM · 2d ago on Oct 1, 2026· 47m 27s· 2 players
Game mode
Random Map
Map size
Small (3 player)
Population
200
Speed
Normal
Resources
Standard
Victory
Conquest
Starting age
Dark Age
Ending age
Imperial Age
RankedLock teamsTeams togetherTeam positionsShared explorationLock speedFull tech treeHidden civsTurbo modeCheats
Victory
Defeat
🇦🇷 Vikings · Argentina
1107
+14
🇲🇽 Dravidians · Mexico
1068
-14
HANAMICHI
7:19 Feudal Age
13:17 Castle Age
11:22 Double-Bit Axe
11:29 Horse Collar
16:09 Heavy Plow
18:46 Bow Saw
19:16 Wheelbarrow
21:08 Hand Cart
26:37 Imperial Age
24:27 Stone Mining
24:28 Gold Mining
24:50 Fletching
25:01 Padded Archer Armor
25:34 Loom
26:09 Bodkin Arrow
26:03 Town Watch
27:00 Leather Archer Armor
26:52 Town Patrol
28:07 Ballistics
27:18 Elite Skirmisher
28:16 Man-at-Arms
28:42 Gambesons
29:07 Bracer
29:42 Conscription
30:21 Ring Archer Armor
29:52 Scale Mail Armor
31:52 Scale Barding Armor
31:58 Forging
36:23 Crossbowman
39:06 Thumb Ring
40:07 Arbalester
44:32 Light Cavalry
爱期满后
7:38 Feudal Age
5:57 Loom
11:51 Castle Age
9:48 Double-Bit Axe
9:44 Horse Collar
15:45 Bow Saw
15:40 Heavy Plow
17:59 Loom
19:48 Gold Mining
20:29 Stone Mining
21:16 Gold Shaft Mining
21:30 Squires
21:16 Arson
24:42 Imperial Age
22:33 Forging
22:23 Scale Mail Armor
22:33 Forging
22:23 Scale Mail Armor
25:00 Iron Casting
24:40 Chain Mail Armor
25:00 Iron Casting
24:40 Chain Mail Armor
24:58 Capped Ram
26:42 Blast Furnace
27:40 Plate Mail Armor
26:50 Elite Berserk
28:34 Conscription
29:24 Chieftains
33:13 Two-Man Saw
33:22 Town Watch
34:13 Crop Rotation
34:34 Siege Ram
36:44 Hoardings
37:23 Stone Mining
38:01 Fletching
38:12 Padded Archer Armor
41:23 Elite Skirmisher
43:00 Bodkin Arrow
43:21 Leather Archer Armor
44:19 Bracer
44:43 Ballistics
45:23 Chemistry
44:35 Masonry
Connection lost

Rejoining the realm…

Still unreachable

The connection could not be restored.

Session expired

The server has moved on; the page needs a fresh start.